AoeStats
← tbzachary

Migration

510192881Analyzed
1v1 RM · 4d ago on Sep 29, 2026· 43m 17s· 2 players
Game mode
Random Map
Map size
132×132
Population
200
Speed
Normal
Resources
Standard
Victory
Conquest
Starting age
Dark Age
Ending age
Imperial Age
RankedLock teamsTeams togetherTeam positionsShared explorationLock speedFull tech treeHidden civsTurbo modeCheats
Victory
Defeat
🇨🇦 Byzantines · Canada
790
+14
🇺🇸 Khmer · United States
747
-14
tbzachary
9:02 Loom
11:34 Feudal Age
13:03 Loom
18:54 Castle Age
17:24 Fishing Lines
17:41 Double-Bit Axe
17:40 Horse Collar
17:58 Fishing Lines
20:38 Gillnets
26:29 Bloodlines
26:19 Husbandry
26:29 Scale Barding Armor
26:35 Forging
27:03 Light Cavalry
36:06 Imperial Age
39:52 Iron Casting
39:38 Chain Barding Armor
42:47 Elite Ballista Elephant
Your Ego
8:24 Loom
11:16 Feudal Age
12:00 Double-Bit Axe
13:39 Fishing Lines
16:56 Fletching
21:32 Castle Age
22:30 Medium Warships
22:17 Bodkin Arrow
24:21 Gillnets
25:24 Ballistics
25:57 Bow Saw
32:24 Imperial Age
30:58 Sanctity
30:54 Murder Holes
32:56 Greek Fire
34:01 Pikeman
39:08 Chemistry
40:20 Heavy Warships
42:50 Conscription
43:38 Bracer
43:38 Padded Archer Armor
Connection lost

Rejoining the realm…

Still unreachable

The connection could not be restored.

Session expired

The server has moved on; the page needs a fresh start.